 Dungeon Crawl Stone Soup version 0.32-a0-931-g5a2cda0630 (webtiles) character file.

Game seed: 12195741102822768935

2658 NigelTetley the Mimic (level 9, -1/62 HPs)
             Began as an Octopode Shapeshifter on Apr 13, 2024.
             Was an Initiate of Gozag.
             Slain by a spriggan hatter
             ... wielding a +0 dagger
              (15 damage)
             ... on level 7 of the Dungeon.
             The game lasted 00:07:57 (8963 turns).

NigelTetley the Mimic (Octopode Shapeshifter)       Turns: 8963, Time: 00:07:58

Health: -1/62      AC:  1    Str: 13    XL:     9   Next: 62%
Magic:  9/9        EV: 19    Int: 14    God:    Gozag
Gold:   705        SH:  5    Dex: 14    Spells: 8/8 levels left

rFire   . .          .
                       - Unarmed
rCold   . . .        (shield currently unavailable)
rNeg    . . .        (helmet restricted)
rPois   .            q - amulet of reflection
rElec   .            e - ring of resist corrosion
rCorr   +            (no ring)
SInv    .            (no ring)
Will    .....        (no ring)
Stlth   +            (no ring)
HPRegen 0.30/turn    (no ring)
MPRegen 0.11/turn    (no ring)
                     (no ring)

%: reflection
@: flux-form, gold aura, glowing
A: glow, contaminating, almost no armour, amphibious, 8 rings, camouflage 1,
gelatinous body 1, (nimble swimmer 1), tentacles
a: Begin Untransformation, Renounce Religion, Potion Petition, Call Merchant,
Bribe Branch


You were on level 7 of the Dungeon.
You worshipped Gozag.
Gozag was pleased with you.
You were something dangerously unstable.
You visited 1 branch of the dungeon, and saw 7 of its levels.

You collected 806 gold pieces.
You paid 101 gold pieces to Gozag.

Inventory:

Jewellery
 e - a ring of resist corrosion (left tentacle)
 q - an amulet of reflection (around mantle)
Talismans
 b - a beast talisman
 c - a flux talisman (active)
Wands
 n - a wand of iceblast (26)
 r - a wand of digging (5)
 y - a wand of polymorph (11)
Scrolls
 d - a scroll of enchant weapon {unknown}
 f - 2 scrolls of blinking
 g - a scroll of teleportation
 h - a scroll of amnesia
 j - 2 scrolls of enchant armour
 p - a scroll of fear
 s - a scroll of fog {unknown}
 t - 2 scrolls of immolation
 u - a scroll of noise {unknown}
 v - 2 scrolls of torment {unknown}
Potions
 a - 2 potions of magic
 k - 2 potions of haste
 o - 2 potions of cancellation
 w - a potion of mutation {unknown}
 x - a potion of attraction {unknown}


   Skills:
 + Level 6.3 Fighting
 + Level 6.5 Dodging
 - Level 1.0 Stealth
 + Level 3.5 Unarmed Combat
 * Level 8.8 Shapeshifting


You had 8 spell levels left.
You didn't know any spells.
Your spell library contained the following spells:

 Spells                   Type           Power      Damage    Failure   Level
 Ensorcelled Hibernation  Hex/Ice        0%         N/A       41%         2
 Passwall                 Erth           0%         N/A       65%         3
 Swiftness                Air            0%         N/A       65%         3


Dungeon Overview and Level Annotations

Branches:
Dungeon (7/15)
 Temple: D:4-7

Altars:
Dithmenos
Gozag
Qazlal


Innate Abilities, Weirdness & Mutations

You are something dangerously unstable.
You glow with magical radiation, making you easy to see and hit.
Foes you strike become dangerously contaminated with magical radiation.
You are incapable of wielding weapons or throwing items.
You cannot wear most types of armour.
You are amphibious.
You can wear up to eight rings at the same time.
Your skin changes colour to match your surroundings (Stealth+).
Your rubbery body absorbs attacks. (AC +1, EV +1)
((You are camouflaged when in or above water. (Stealth+)))
You have tentacles for arms and can constrict up to eight enemies at once.


Message History

It is a scroll of amnesia.
You feel forgetful for a moment.
Found a potion of haste.
A centaur comes into view.
The centaur shouts!
You hear a howl!
The centaur wields a +0 shortbow.
The centaur shoots an arrow.
The arrow hits you!
The howler monkey hoots and howls with incredible vigour!
You hear a shout!
You hear an angry hiss. x2
You tentacle-slap the howler monkey.
The howler monkey begins to glow.
Your grab misses the howler monkey.
The howler monkey is lightly wounded.
The centaur shoots an arrow.
The arrow completely misses you. The howler monkey hits you!
You tentacle-slap the howler monkey.
The howler monkey glows dangerously bright.
You grab the howler monkey. You squeeze the howler monkey.
The howler monkey is heavily wounded.
You constrict the howler monkey.
The centaur shoots an arrow.
You block the arrow with an invisible shield... and reflect it back!
The arrow hits the centaur.
The howler monkey completely misses you.
The centaur shoots an arrow.
The arrow hits you!
You tentacle-slap the howler monkey but do no damage.
The howler monkey shudders as magic cascades through it.
You kill the howler monkey!
The centaur shoots an arrow.
The arrow hits you.
A spriggan hatter opens the door.
The centaur shoots an arrow.
The arrow closely misses you.
A spriggan hatter comes into view. It is wielding a +0 dagger.
A steam dragon comes into view.
The centaur shoots an arrow.
The arrow hits you!
The spriggan hatter completely misses you.
The spriggan hatter barely misses you.
The spriggan hatter attacks as it pursues you!
The spriggan hatter hits you with a +0 dagger!
* * * LOW HITPOINT WARNING * * *
The spriggan hatter hits you with a +0 dagger!
You die...
Your body crumbles into a pile of gold.

.##.[.........#....#
.#........##..##...#
.#........##..##...#
.#(.....)..........#
.'................##
.#...#######..##..#
###..# ######<.#
#..# #+.......# . .#
'......p.#
###..##i.#
######'##.h#
#....$..cD.#
#..##......#
#.........!.
#..###+##... #..#
... ..... ..


You could see a steam dragon, a spriggan hatter, a centaur and a howler monkey.

Vanquished Creatures
  4 yaks (D:6)
  Menkaure (D:4)
  Duvessa (D:4)
  A black bear (D:6)
  An ogre (D:6)
  3 phantoms
  2 bullfrogs
  A gnoll sergeant (D:6)
  5 wights (D:5)
  Dowan (D:4)
  A howler monkey (D:7)
  2 jellies
  3 orc priests
  A bombardier beetle (D:6)
  7 hounds
  A sleepcap (D:4)
  2 iguanas
  Natasha (thrice) (D:4)
  3 orc wizards
  12 gnolls
  8 adders
  A white imp (D:6)
  2 dart slugs
  4 ribbon worms
  9 orcs
  9 ball pythons
  5 bats
  8 endoplasms
  4 giant cockroaches
  12 hobgoblins
  7 jackals
  10 kobolds
  5 quokkas
  2 frilled lizards (D:1)
  7 goblins
  5 rats
153 creatures vanquished.

Notes
Turn   | Place    | Note
-------+----------+-------------------------------------------
     0 | D:1      | NigelTetley the Octopode Shapeshifter began the quest for
                  | the Orb.
     0 | D:1      | Reached XP level 1. HP: 13/13 MP: 1/1
   224 | D:1      | Reached XP level 2. HP: 18/18 MP: 2/2
   257 | D:1      | Reached skill level 1 in Stealth
   651 | D:1      | Reached XP level 3. HP: 12/23 MP: 3/3
  1340 | D:2      | Reached XP level 4. HP: 29/29 MP: 4/4
  1746 | D:3      | Reached skill level 4 in Shapeshifting
  1859 | D:3      | You fall into a shaft and drop 3 floors!
  1867 | D:5      | Entered Level 5 of the Dungeon
  1907 | D:4      | Reached XP level 5. HP: 12/34 MP: 5/5
  2023 | D:4      | Noticed Natasha
  2027 | D:4      | Killed Natasha
  2110 | D:4      | Noticed Menkaure
  2119 | D:4      | Killed Menkaure
  2120 | D:4      | Reached XP level 6. HP: 38/41 MP: 6/6
  2165 | D:4      | Reached skill level 5 in Shapeshifting
  2708 | D:3      | Reached XP level 7. HP: 44/46 MP: 7/7
  2980 | D:3      | Found an opulent altar of Gozag.
  2991 | D:3      | Became a worshipper of Gozag Ym Sagoz the Greedy
  3425 | D:4      | Noticed Dowan
  3426 | D:4      | Noticed Duvessa
  3430 | D:4      | Killed Dowan
  3437 | D:4      | Killed Duvessa
  3542 | D:4      | Reached skill level 6 in Shapeshifting
  3823 | D:4      | Noticed Natasha
  3830 | D:4      | Killed Natasha
  4211 | D:4      | Noticed Natasha
  4220 | D:4      | Killed Natasha
  5038 | D:5      | Reached XP level 8. HP: 53/54 MP: 8/8
  5130 | D:5      | Reached skill level 5 in Dodging
  5136 | D:5      | Reached skill level 7 in Shapeshifting
  5625 | D:5      | Reached skill level 5 in Fighting
  6151 | D:6      | Found a stormy altar of Qazlal.
  6299 | D:6      | Identified the +1 ring mail "Ledock" {-Tele Rampage rF++
                  | Int-5}
  6338 | D:6      | Noticed a yak
  6340 | D:6      | Noticed a yak
  6340 | D:6      | Noticed a yak
  6341 | D:6      | Noticed a yak
  6364 | D:6      | Killed a yak
  6365 | D:6      | Reached XP level 9. HP: 61/61 MP: 9/9
  6376 | D:6      | Reached skill level 8 in Shapeshifting
  7211 | D:6      | Found a shadowy altar of Dithmenos.
  7903 | D:6      | Found a shadowy altar of Dithmenos.
  8127 | D:6      | Found a stormy altar of Qazlal.
  8321 | D:6      | Found a stormy altar of Qazlal.
  8358 | D:6      | Found a shadowy altar of Dithmenos.
  8963 | D:7      | Slain by a spriggan hatter

Illustrated notes

Levels and vault maps discovered:
D:1:      dpeg_arrival_stonehenge_8_columns, layout_loops_corners
D:2:      layout_loops_ring, minmay_distorted
D:3:      layout_basic, mainiacjoe_overflow_alcove_2, nicolae_wormholes
D:4:      kb_forest_paths, layout_basic, hex_intersection, uniq_natasha,
          uniq_duvessa, uniq_menkaure
D:5:      layout_loops_cross, eino_tiny_chamber
D:6:      layout_basic, general_overflow_altar,
          nicolae_dithmenos_through_a_glass_darkly
D:7:      layout_gridville, temple_hall_moat, the_hattery

Skill      XL: |  1  2  3  4  5  6  7  8  9 |
---------------+----------------------------+-----
Stealth        | 1 |  1.0
Fighting       | 2 3 4 5 6 |  6.3
Shapeshifting  | 4 5 6 7 8 |  8.8
Dodging        | 3 4 5 6 |  6.5
Unarmed Combat | |  3.5

Action                     |  1- 3 |  4- 6 |  7- 9 || total
---------------------------+-------+-------+-------++-------
  Melee: Unarmed           |    64 |    93 |   238 ||   395
         Tentacles         |    14 |    17 |    54 ||    85
         Constrict         |    16 |    21 |    55 ||    92
         Punch             |       |     1 |     3 ||     4
  Evoke: Wand              |       |       |     1 ||     1
    Use: Scroll            |     1 |     3 |     6 ||    10
         Potion            |       |     1 |     7 ||     8
   Stab: Sleeping          |    11 |    10 |     5 ||    26
         Distracted        |     1 |       |     2 ||     3
 Armour: Skin              |    29 |    43 |    99 ||   171
  Dodge: Dodged            |    34 |    46 |   100 ||   180
  Block: Other             |       |    10 |    43 ||    53
         Reflection        |       |       |     1 ||     1
   Form: Flux              |       |       |     1 ||     1

Table legend: (Time is in decaauts)
 A = Elapsed time spent in this place.
 B = Non-inter-level travel time spent in this place.
 C = Inter-level travel time spent in this place.
 D = Time resting spent in this place.
 E = Time spent auto-exploring this place.
 F = Levels seen in this place.
 G = Mean time per level.
                   A        B        C        D        E       F      G
               +--------+--------+--------+--------+--------+-----+--------+
         Total |   8948 |   8617 |    331 |    420 |   7132 |   7 | 1278.3 |
       Dungeon |   8948 |   8617 |    331 |    420 |   7132 |   7 | 1278.3 |
               +--------+--------+--------+--------+--------+-----+--------+

Top non-repeatable levels by time:
     D:4: 2716 daAuts
     D:6: 2683 daAuts
     D:5: 1097 daAuts
     D:1: 905 daAuts
     D:2: 759 daAuts
     D:3: 629 daAuts
     D:7: 156 daAuts
